 Dungeon Crawl Stone Soup version 0.21.0-30-g47ce8e4 (webtiles) character file.

4123 seren the Magician (level 10, -5/76 HPs)
             Began as a Mummy Wizard on Jan 28, 2018.
             Was an Initiate of Kikubaaqudgha.
             Slain by a wraith (6 damage)
             ... on level 10 of the Dungeon.
             The game lasted 00:53:47 (13996 turns).

seren the Magician (Mummy Wizard)                  Turns: 13996, Time: 00:53:48

Health: -5/76      AC:  6    Str: 11    XL:     10   Next: 6%
Magic:  21/21      EV: 12    Int: 24    God:    Kikubaaqudgha [......]
Gold:   537        SH:  2    Dex: 10    Spells: 15/24 levels left

rFire    . . .     SeeInvis .   t - +2 whip (flame)
rCold    + . .     Gourm    .   (no shield)
rNeg     + + +     Faith    .   i - +0 robe
rPois    ∞         Spirit   .   d - +0 hat
rElec    .         Reflect  +   A - +0 cloak
rCorr    .         Harm     .   p - +2 pair of gloves
MR       +....                  (no boots)
Stlth    ++........             e - +2 amulet of reflection
HPRegen  0.22/turn              h - +3 ring of intelligence
MPRegen  0.17/turn              n - ring of protection from fire

@: no status effects
A: no food or potions, fire vulnerability, cold resistance 1, negative energy
resistance 3, torment resistance, unbreathing
a: Renounce Religion


You were on level 10 of the Dungeon.
You worshipped Kikubaaqudgha.
Kikubaaqudgha was noncommittal.
You were not hungry.

You visited 2 branches of the dungeon, and saw 12 of its levels.

You collected 537 gold pieces.

Inventory:

Hand Weapons
 a - a +1 whip of draining
 b - a +0 hunting sling
 q - a +0 blowgun
 t - a +2 whip of flaming (weapon)
Missiles
 g - 351 stones (quivered)
 l - 32 poisoned needles
 r - 8 curare-tipped needles
Armour
 d - a +0 hat (worn)
 i - a +0 robe (worn)
 p - a +2 pair of gloves (worn)
 A - a +0 cloak (worn)
Jewellery
 e - a +2 amulet of reflection (around neck)
 h - a +3 ring of intelligence (left hand)
 n - a ring of protection from fire (right hand)
 w - an uncursed amulet of magic regeneration
 E - an uncursed ring of stealth
Wands
 m - a wand of clouds (13)
 v - a wand of disintegration (23)
 z - a wand of iceblast (7)
Scrolls
 f - 2 scrolls of teleportation {!r}
 j - a scroll of immolation
 k - 7 scrolls of identify
 o - 6 scrolls of remove curse
 s - a scroll of magic mapping
 u - a scroll of fear
 x - 3 scrolls of enchant armour
 y - a scroll of fog
 B - a scroll of silence
 D - a scroll of amnesia
Books
 c - a book of Minor Magic

   Spells                             Type                      Level
   a - Magic Dart                     Conjuration                  1
   b - Blink                          Translocation                2
   c - Call Imp                       Summoning                    2
   d - Slow                           Hexes                        2
   e - Conjure Flame                  Conjuration/Fire             3
   f - Mephitic Cloud                 Conjuration/Poison/Air       3


   Skills:
 + Level 6.2 Fighting
 + Level 3.8 Maces & Flails
 + Level 2.9 Dodging
 - Level 3.1 Stealth
 + Level 7.7 Spellcasting
 - Level 5.0 Conjurations
   Level 0.7 Summonings
 + Level 0.2 Necromancy
 - Level 0.7 Translocations
 - Level 2.0 Fire Magic
 - Level 2.0 Air Magic
 - Level 2.0 Poison Magic
 * Level 5.1 Evocations


You had 15 spell levels left.
You knew the following spells:

 Your Spells              Type           Power        Failure   Level  Hunger
a - Magic Dart            Conj           ####         1%          1    N/A
b - Blink                 Tloc           N/A          8%          2    N/A
c - Conjure Flame         Conj/Fire      ####....     4%          3    N/A
d - Mephitic Cloud        Conj/Pois/Air  ###.....     6%          3    N/A

Dungeon Overview and Level Annotations

Branches:
Dungeon (11/15)            Temple (1/1) D:7
   Lair: D:8-11         Orc: D:9-12

Altars:
Ashenzari
Cheibriados
Dithmenos
Elyvilon
Fedhas
Hepliaklqana
Kikubaaqudgha
Makhleb
Nemelex Xobeh
Okawaru
Qazlal
Ru
Sif Muna
Trog
Uskayaw
Vehumet
Wu Jian
Xom
Yredelemnul
Zin
The Shining One

Shops:
D:7 %!?   D:8 (

Annotations:
D:9 centaur warrior, Maurice, Prince Ribbit


Innate Abilities, Weirdness & Mutations

You do not eat or drink.
Your flesh is vulnerable to fire.
You are immune to poison.
Your flesh is cold resistant. (rC+)
You are immune to negative energy. (rN+++)
You are immune to unholy pain and torment.
You can survive without breathing.


Message History

You climb upwards.
Level annotation: centaur warrior, Maurice, Prince Ribbit
There is a stone staircase leading down here.
You hit the warg. You burn the warg.
The warg is almost dead.
The warg barely misses you.
The centaur warrior shouts!
You hit the warg. You burn the warg.
You kill the warg!
Kikubaaqudgha accepts your kill.
The centaur warrior wields an uncursed shortbow.
The centaur warrior shoots an arrow.
The arrow hits you!!
* * * LOW HITPOINT WARNING * * *
You climb downwards.
The centaur skeleton hits you.
* * * LOW HITPOINT WARNING * * *
The wraith hits you!
* * * LOW HITPOINT WARNING * * *
The wraith hits you.
You die...
Kikubaaqudgha rasps: "You have failed me!
Welcome... oblivion!"

#............#..............#....
###########..#........#.###.#....
#..#...###.##.###......
#..#...#.#.##.#......#.
#..#...#.#.##.#.#......
#..#................###
#..#..#..#.............
#.....Z.......≈≈≈≈..### ###
##.#..@W...†.⌠≈≈≈≈....# #.#
#.##.#..#....≈≈≈≈..###
#.####.##...............#
#......##.#....#........#
#.############.#....##..###
#....................>.....
##############.#....##^####
#.#.#####.# #.#.#####.#


You could see a wraith and a centaur skeleton.

Vanquished Creatures
  Pikel (D:4)
  2 hippogriffs
  A wyvern (D:10)
  A warg (D:9)
  3 slaves (D:3)
  An ice beast (D:6)
  A necrophage (D:9)
  An orc warrior (D:4)
  2 sky beasts
  4 ogres
  A centaur (D:6)
  5 bullfrogs
  A water moccasin zombie (D:8)
  A water moccasin skeleton (D:5)
  3 scorpions (D:6)
  10 wights
  2 howler monkeys
  3 crimson imps
  A centaur zombie (D:8)
  A hound (D:9)
  3 jellies
  6 orc wizards
  Crazy Yiuf (D:3)
  A bullfrog skeleton (D:7)
  5 orc priests
  3 centaur skeletons
  2 iguanas
  8 worker ants
  A hound zombie (D:8)
  A hound skeleton (D:8)
  A howler monkey skeleton (D:10)
  11 adders
  3 shadow imps
  An ooze (D:1)
  An adder zombie (D:9)
  An adder skeleton (D:7)
  2 dart slugs
  5 leopard geckos
  22 orcs
  4 giant cockroaches
  11 goblins
  7 hobgoblins
  17 jackals
  8 kobolds
  4 quokkas
  2 ball python zombies (D:5)
  8 bats
  7 frilled lizards
  A leopard gecko skeleton (D:4)
  3 quokka zombies
  5 rats
200 creatures vanquished.

Vanquished Creatures (others)
  5 toadstools (D:1)
5 creatures vanquished.

Grand Total: 205 creatures vanquished

Notes
Turn   | Place    | Note
-------+----------+-------------------------------------------
     0 | D:1      | seren the Mummy Wizard began the quest for the Orb.
     0 | D:1      | Reached XP level 1. HP: 13/13 MP: 5/5
    78 | D:1      | Reached skill level 1 in Conjurations
   333 | D:1      | Reached XP level 2. HP: 20/20 MP: 1/7
   464 | D:1      | Learned a level 2 spell: Blink
   618 | D:1      | Reached skill level 1 in Fighting
  1118 | D:1      | Reached XP level 3. HP: 26/26 MP: 5/8
  1570 | D:2      | Learned a level 3 spell: Conjure Flame
  1574 | D:2      | Learned a level 3 spell: Mephitic Cloud
  2472 | D:3      | Found a shadowy altar of Dithmenos.
  2732 | D:3      | Reached XP level 4. HP: 33/33 MP: 2/10
  3398 | D:3      | Found a runed door.
  3666 | D:4      | Noticed an ogre
  3791 | D:4      | Noticed Pikel
  4168 | D:3      | Killed an ogre
  4168 | D:3      | Reached skill level 1 in Poison Magic
  4168 | D:3      | Reached XP level 5. HP: 22/38 MP: 3/12
  4319 | D:4      | Reached skill level 1 in Air Magic
  4326 | D:4      | Noticed an orc warrior
  4342 | D:4      | Killed an orc warrior
  4342 | D:4      | Reached skill level 1 in Fire Magic
  4355 | D:4      | Reached XP level 6. HP: 45/46 MP: 7/13
  4519 | D:4      | Noticed a slave
  4520 | D:4      | Noticed a slave
  4524 | D:4      | Noticed a slave
  4548 | D:3      | Killed a slave
  4681 | D:3      | Killed a slave
  4881 | D:4      | Noticed a slave
  5216 | D:4      | Found a snail-covered altar of Cheibriados.
  5355 | D:3      | Killed a slave
  5540 | D:4      | Found a hazy altar of Hepliaklqana.
  5563 | D:5      | Entered Level 5 of the Dungeon
  5568 | D:5      | Reached skill level 5 in Spellcasting
  5735 | D:4      | Found a blossoming altar of Fedhas.
  5735 | D:4      | Found a burning altar of Makhleb.
  5800 | D:4      | Killed Pikel
  5800 | D:4      | Reached skill level 1 in Maces & Flails
  5800 | D:4      | Reached XP level 7. HP: 52/52 MP: 8/15
  6305 | D:5      | Reached XP level 8. HP: 53/60 MP: 8/16
  6430 | D:5      | Found a bloodstained altar of Trog.
  6798 | D:5      | Reached skill level 1 in Evocations
  7308 | D:6      | Reached skill level 6 in Spellcasting
  7348 | D:6      | Found a shimmering altar of Xom.
  7607 | D:6      | Reached skill level 5 in Fighting
  8327 | D:6      | Reached XP level 9. HP: 55/68 MP: 12/18
  8615 | D:7      | Found a staircase to the Ecumenical Temple.
  8624 | Temple   | Entered the Ecumenical Temple
  9047 | D:8      | Found Socwagh's Antique Weapon Emporium.
  9198 | D:7      | Found Huasox's Distillery.
  9267 | D:7      | Found Ipnaugan's Food Boutique.
  9522 | D:7      | Found a sacrificial altar of Ru.
  9595 | D:7      | Found Bus Desm's Antique Weapon Boutique.
  9642 | D:7      | Found Dishraste's Magic Scroll Shop.
 10656 | D:8      | Reached skill level 7 in Spellcasting
 11249 | D:3      | Noticed Crazy Yiuf
 11261 | D:3      | Killed Crazy Yiuf
 11723 | D:9      | Noticed Prince Ribbit
 11757 | D:9      | Noticed a centaur warrior
 11778 | D:9      | Reached skill level 5 in Conjurations
 12117 | D:9      | Found a radiant altar of Vehumet.
 12126 | D:9      | Found an ancient bone altar of Kikubaaqudgha.
 12139 | D:9      | Became a worshipper of Kikubaaqudgha
 12188 | D:9      | Found a deep blue altar of Sif Muna.
 12413 | D:10     | Entered Level 10 of the Dungeon
 12491 | D:9      | Noticed Maurice
 13893 | D:10     | Reached skill level 5 in Evocations
 13893 | D:10     | Reached XP level 10. HP: 69/76 MP: 21/21
 13996 | D:10     | HP: 1/76 [wraith (11)]
 13996 | D:10     | Slain by a wraith

Skill      XL: |  1  2  3  4  5  6  7  8  9 |
---------------+----------------------------+-----
Conjurations   | 1 2 3 4 5 |  5.0
Stealth        | 2 3 |  3.1
Fighting       | 1 2 3 4 5 6 |  6.2
Poison Magic   | 1 2 |  2.0
Air Magic      | 1 2 |  2.0
Fire Magic     | 1 2 |  2.0
Spellcasting   | 5 6 7 |  7.7
Maces & Flails | 1 2 3 |  3.8
Evocations     | 3 5 |  5.1
Dodging        | 2 |  2.9
Summonings     | |  0.7
Necromancy     | |  0.2
Translocations | |  0.7

Action                   |  1- 3 |  4- 6 |  7- 9 | 10-12 || total
-------------------------+-------+-------+-------+-------++-------
Melee: Club              |    16 |       |       |       ||    16
       Unarmed           |     1 |       |       |       ||     1
       Short sword       |    89 |   115 |       |       ||   204
       Whip              |       |    20 |   527 |    15 ||   562
 Fire: Hunting sling     |    23 |    18 |    81 |       ||   122
       Blowgun           |       |     2 |       |       ||     2
 Cast: Magic Dart        |    69 |    59 |   106 |       ||   234
       Mephitic Cloud    |     2 |    15 |    28 |     1 ||    46
       Blink             |       |     5 |     1 |       ||     6
       Conjure Flame     |       |     2 |     9 |       ||    11
Evoke: Wand              |       |       |     2 |       ||     2
  Use: Scroll            |     4 |       |     7 |       ||    11
 Stab: Sleeping          |     4 |       |     6 |       ||    10
       Confused          |       |    10 |     9 |       ||    19
Armor: Robe              |    22 |    20 |   144 |     4 ||   190
Dodge: Dodged            |    81 |    68 |   246 |     8 ||   403
Block: Other             |     5 |     3 |    10 |       ||    18
